| TOP OF THE 1ST |
|
Evansville Triplets batting - Pitching for Indianapolis Indians : RHP Stan Webb
|
|
Pitching: RHP Stan Webb
|
|
|
Batting: SHB Jose Mota
|
0-0: Ball 1-0: Ball 2-0: Ball 3-0: Called Strike 3-1: Foul Ball, location: 2F 3-2: Base on Balls
|
|
Batting: RHB Cory Mihalic
|
0-0: Called Strike 0-1: Ball Jose Mota is caught stealing 2nd base 2-4 1-1: SINGLE (Groundball, 56D, EV 104.4 MPH)
|
|
Batting: RHB Richard Bass
|
0-0: Foul Ball, location: 2F 0-1: Ball 1-1: DOUBLE (Line Drive, 89D, EV 104.4 MPH) Cory Mihalic to third
|
|
Batting: SHB Mickey Tettleton
|
0-0: Fly out, F8 (Flyball, 89D, EV 82.5 MPH) Runner from 3rd tags up, OUT at HOME! 8-2
|
| Top of the 1st over - 0 runs, 2 hits, 0 errors, 1 left on base; Evansville 0 - Indianapolis 0 |
| BOTTOM OF THE 1ST |
|
Indianapolis Indians batting - Pitching for Evansville Triplets : RHP Randy Pitts
|
|
Pitching: RHP Randy Pitts
|
|
|
Batting: LHB Kevin Schoendienst
|
0-0: Ball 1-0: Ball 2-0: Foul Ball, location: 2F 2-1: Ground out 4-3 (Groundball, 4M, EV 100.6 MPH)
|
|
Batting: SHB Julio Estrada
|
0-0: Ball 1-0: Ball 2-0: Called Strike 2-1: Reached on error, E5 (Groundball, 56S, EV 86.3 MPH)
|
|
Batting: RHB Luis Gonzalez
|
0-0: Ball 1-0: Fly out, F2 (Popup, 13S, EV 80.0 MPH)
|
|
Batting: RHB Pat Rooney
|
0-0: Called Strike 0-1: Ball 1-1: Fly out, F4 (Popup, 4D, EV 51.3 MPH)
|
| Bottom of the 1st over - 0 runs, 0 hits, 1 error, 1 left on base; Evansville 0 - Indianapolis 0 |
| TOP OF THE 2ND |
|
Evansville Triplets batting - Pitching for Indianapolis Indians : RHP Stan Webb
|
|
Batting: RHB Mark M Corey
|
0-0: Ball 1-0: Called Strike 1-1: Ball 2-1: Foul Ball, location: 2F 2-2: SINGLE (Groundball, 6MD, EV 108.1 MPH)
|
|
Batting: RHB Mike Allen
|
0-0: Ball 1-0: Swinging Strike 1-1: Ball 2-1: Ball Mark M Corey steals 2nd base 3-1: Called Strike 3-2: Base on Balls
|
|
Batting: RHB John Scott
|
0-0: Ball 1-0: Ball 2-0: Called Strike 2-1: Foul Ball, location: 2F 2-2: SINGLE (Flyball, 3D, EV 93.8 MPH) Mark M Corey to third Mike Allen to second
|
|
Batting: RHB Jaden Smith
|
0-0: Ball 1-0: Called Strike 1-1: Ball 2-1: Grounds into double play, 6-4-3 (Groundball, 6, EV 98.1 MPH) Mark M Corey scores Mike Allen to third
|
|
Batting: RHB Ed Jurak
|
0-0: Ball 1-0: Swinging Strike 1-1: Ball 2-1: Ground out U3 (Groundball, 3, EV 84.4 MPH)
|
| Top of the 2nd over - 1 run, 2 hits, 0 errors, 1 left on base; Evansville 1 - Indianapolis 0 |
| BOTTOM OF THE 2ND |
|
Indianapolis Indians batting - Pitching for Evansville Triplets : RHP Randy Pitts
|
|
Batting: LHB Roberto Ruiz
|
0-0: Called Strike 0-1: Ground out 6-3 (Groundball, 6, EV 86.9 MPH)
|
|
Batting: RHB Tracy Cowger
|
0-0: Ball 1-0: Fly out, F7 (Flyball, 78M, EV 81.3 MPH)
|
|
Batting: RHB Steven Campbell
|
0-0: Called Strike 0-1: Ball 1-1: Ball 2-1: Called Strike 2-2: Strikes out swinging, 2-3 out at first.
|
| Bottom of the 2nd over - 0 runs, 0 hits, 0 errors, 0 left on base; Evansville 1 - Indianapolis 0 |
| TOP OF THE 3RD |
|
Evansville Triplets batting - Pitching for Indianapolis Indians : RHP Stan Webb
|
|
Batting: SHB Jose Mota
|
0-0: Called Strike 0-1: Reached on error, E4 (Groundball, 4, EV 87.5 MPH)
|
|
Batting: RHB Cory Mihalic
|
0-0: Ball Jose Mota steals 3rd base 1-0: Swinging Strike 1-1: Ball 2-1: Foul Ball, location: 2F 2-2: Foul Ball, location: 2F 2-2: Strikes out looking
|
|
Batting: RHB Richard Bass
|
0-0: Called Strike 0-1: Ball 1-1: Swinging Strike 1-2: Foul Ball, location: 2F 1-2: Ground out 1-3 (Groundball, 13S, EV 74.4 MPH)
|
|
Batting: SHB Mickey Tettleton
|
0-0: Ball 1-0: Ball 2-0: Called Strike 2-1: Ground out 6-3 (Groundball, 6, EV 86.9 MPH)
|
| Top of the 3rd over - 0 runs, 0 hits, 1 error, 1 left on base; Evansville 1 - Indianapolis 0 |
| BOTTOM OF THE 3RD |
|
Indianapolis Indians batting - Pitching for Evansville Triplets : RHP Randy Pitts
|
|
Batting: RHB Robert Bonnette
|
0-0: Ball 1-0: Foul Ball, location: 2F 1-1: Swinging Strike 1-2: SINGLE (Groundball, 6MD, EV 95.0 MPH)
|
|
Batting: RHB Bill Lindsey
|
0-0: Called Strike 0-1: Fly out, F9 (Flyball, 9LM, EV 89.4 MPH)
|
|
Batting: LHB Kevin Schoendienst
|
0-0: Ball 1-0: Swinging Strike 1-1: Swinging Strike 1-2: Foul Ball, location: 2F 1-2: Ball 2-2: Strikes out looking
|
|
Batting: SHB Julio Estrada
|
0-0: Swinging Strike 0-1: Ball 1-1: Called Strike 1-2: Strikes out looking
|
| Bottom of the 3rd over - 0 runs, 1 hit, 0 errors, 1 left on base; Evansville 1 - Indianapolis 0 |
| TOP OF THE 4TH |
|
Evansville Triplets batting - Pitching for Indianapolis Indians : RHP Stan Webb
|
|
Batting: RHB Mark M Corey
|
0-0: Fly out, F8 (Flyball, 8RD, EV 96.9 MPH)
|
|
Batting: RHB Mike Allen
|
0-0: Ball 1-0: Ball 2-0: Ground out 6-3 (Groundball, 6, EV 106.3 MPH)
|
|
Batting: RHB John Scott
|
0-0: Called Strike 0-1: Fly out, F6 (Popup, 6, EV 56.3 MPH)
|
| Top of the 4th over - 0 runs, 0 hits, 0 errors, 0 left on base; Evansville 1 - Indianapolis 0 |
| BOTTOM OF THE 4TH |
|
Indianapolis Indians batting - Pitching for Evansville Triplets : RHP Randy Pitts
|
|
Batting: RHB Luis Gonzalez
|
0-0: Ball 1-0: Foul Ball, location: 2F 1-1: Ball 2-1: Ground out 6-3 (Groundball, 6M, EV 97.5 MPH)
|
|
Batting: RHB Pat Rooney
|
0-0: Called Strike 0-1: Foul Ball, location: 2F 0-2: Ball 1-2: Ball 2-2: Fly out, F4 (Flyball, 4MD, EV 88.8 MPH)
|
|
Batting: LHB Roberto Ruiz
|
0-0: Called Strike 0-1: Swinging Strike 0-2: Ground out 6-3 (Groundball, 6S, EV 92.5 MPH)
|
| Bottom of the 4th over - 0 runs, 0 hits, 0 errors, 0 left on base; Evansville 1 - Indianapolis 0 |
| TOP OF THE 5TH |
|
Evansville Triplets batting - Pitching for Indianapolis Indians : RHP Stan Webb
|
|
Batting: RHB Jaden Smith
|
0-0: Ball 1-0: Ground out 5-3 (Groundball, 56S, EV 87.5 MPH)
|
|
Batting: RHB Ed Jurak
|
0-0: Swinging Strike 0-1: Called Strike 0-2: Ball 1-2: Ball 2-2: Foul Ball, location: 2F 2-2: Fly out, F5 (Line Drive, 5, EV 71.9 MPH)
|
|
Batting: SHB Jose Mota
|
0-0: SINGLE (Line Drive, 78S, EV 103.8 MPH)
|
|
Batting: RHB Cory Mihalic
|
0-0: Called Strike 0-1: Fly out, F6 (Line Drive, 6, EV 70.6 MPH)
|
| Top of the 5th over - 0 runs, 1 hit, 0 errors, 1 left on base; Evansville 1 - Indianapolis 0 |
| BOTTOM OF THE 5TH |
|
Indianapolis Indians batting - Pitching for Evansville Triplets : RHP Randy Pitts
|
|
Batting: RHB Tracy Cowger
|
0-0: Ball 1-0: Fly out, F9 (Flyball, 9, EV 84.4 MPH)
|
|
Batting: RHB Steven Campbell
|
0-0: Called Strike 0-1: Ground out 6-3 (Groundball, 56, EV 80.0 MPH)
|
|
Batting: RHB Robert Bonnette
|
0-0: Called Strike 0-1: Ball 1-1: Swinging Strike 1-2: Foul Ball, location: 2F 1-2: Strikes out swinging
|
| Bottom of the 5th over - 0 runs, 0 hits, 0 errors, 0 left on base; Evansville 1 - Indianapolis 0 |
| TOP OF THE 6TH |
|
Evansville Triplets batting - Pitching for Indianapolis Indians : RHP Stan Webb
|
|
Batting: RHB Richard Bass
|
0-0: Ball 1-0: SINGLE (Line Drive, 34D, EV 98.1 MPH)
|
|
Batting: SHB Mickey Tettleton
|
0-0: Ball Richard Bass steals 2nd base 1-0: Ball 2-0: Foul Ball, location: 2F 2-1: Swinging Strike 2-2: Strikes out looking
|
|
Batting: RHB Mark M Corey
|
0-0: Foul Ball, location: 2F 0-1: DOUBLE (Flyball, 8RXD, EV 106.9 MPH) Richard Bass scores
|
|
Batting: RHB Mike Allen
|
0-0: Ground out 6-3 (Groundball, 6, EV 106.3 MPH)
|
|
Batting: RHB John Scott
|
0-0: Ball 1-0: Fly out, F8 (Flyball, 8LM, EV 87.5 MPH)
|
| Top of the 6th over - 1 run, 2 hits, 0 errors, 1 left on base; Evansville 2 - Indianapolis 0 |
| BOTTOM OF THE 6TH |
|
Indianapolis Indians batting - Pitching for Evansville Triplets : RHP Randy Pitts
|
|
Batting: RHB Bill Lindsey
|
0-0: Foul Ball, location: 2F 0-1: Called Strike 0-2: Ball 1-2: Foul Ball, location: 2F 1-2: Ball 2-2: Strikes out swinging
|
|
Batting: LHB Kevin Schoendienst
|
0-0: Called Strike 0-1: Foul Ball, location: 2F 0-2: Ground out 4-3 (Groundball, 4, EV 90.0 MPH)
|
|
Batting: SHB Julio Estrada
|
0-0: Called Strike 0-1: Ball 1-1: Ground out 4-3 (Groundball, 4, EV 82.5 MPH)
|
| Bottom of the 6th over - 0 runs, 0 hits, 0 errors, 0 left on base; Evansville 2 - Indianapolis 0 |
| TOP OF THE 7TH |
|
Evansville Triplets batting - Pitching for Indianapolis Indians : RHP Stan Webb
|
|
Batting: RHB Jaden Smith
|
0-0: Called Strike 0-1: Foul Ball, location: 2F 0-2: Ball 1-2: Ball 2-2: Strikes out swinging
|
|
Batting: RHB Ed Jurak
|
0-0: Foul Ball, location: 2F 0-1: Swinging Strike 0-2: Foul Ball, location: 2F 0-2: Ball 1-2: Foul Ball, location: 2F 1-2: Foul Ball, location: 2F 1-2: Ground out 5-3 (Groundball, 5, EV 86.9 MPH)
|
|
Batting: SHB Jose Mota
|
0-0: Foul Ball, location: 2F 0-1: Foul Ball, location: 2F 0-2: Foul Ball, location: 2F 0-2: Ball 1-2: Fly out, F8 (Line Drive, 8RD, EV 86.3 MPH)
|
| Top of the 7th over - 0 runs, 0 hits, 0 errors, 0 left on base; Evansville 2 - Indianapolis 0 |
| BOTTOM OF THE 7TH |
|
Indianapolis Indians batting - Pitching for Evansville Triplets : RHP Randy Pitts
|
|
Batting: RHB Luis Gonzalez
|
0-0: Swinging Strike 0-1: Foul Ball, location: 2F 0-2: Ball 1-2: Ground out 5-3 (Groundball, 56, EV 83.8 MPH)
|
|
Batting: RHB Pat Rooney
|
0-0: Swinging Strike 0-1: Called Strike 0-2: Ball 1-2: Ball 2-2: Fly out, F7 (Flyball, 78D, EV 91.3 MPH)
|
|
Batting: LHB Roberto Ruiz
|
0-0: SINGLE (Groundball, 34S, EV 99.4 MPH)
|
|
Batting: RHB Tracy Cowger
|
0-0: Swinging Strike 0-1: Ball 1-1: Called Strike Roberto Ruiz steals 2nd base 1-2: Fly out, F8 (Line Drive, 8LD, EV 93.1 MPH)
|
| Bottom of the 7th over - 0 runs, 1 hit, 0 errors, 1 left on base; Evansville 2 - Indianapolis 0 |
| TOP OF THE 8TH |
|
Evansville Triplets batting - Pitching for Indianapolis Indians : RHP Stan Webb
|
|
Batting: RHB Cory Mihalic
|
0-0: Fly out, F8 (Flyball, 78M, EV 86.3 MPH)
|
|
Batting: RHB Richard Bass
|
0-0: Called Strike 0-1: Swinging Strike 0-2: Fly out, F8 (Flyball, 78XD, EV 100.0 MPH)
|
|
Batting: SHB Mickey Tettleton
|
0-0: Ground out 4-3 (Groundball, 34, EV 83.8 MPH)
|
| Top of the 8th over - 0 runs, 0 hits, 0 errors, 0 left on base; Evansville 2 - Indianapolis 0 |
| BOTTOM OF THE 8TH |
|
Indianapolis Indians batting - Pitching for Evansville Triplets : RHP Randy Pitts
|
|
Batting: RHB Steven Campbell
|
0-0: Ground out 6-3 (Groundball, 56, EV 89.4 MPH)
|
|
Batting: RHB Robert Bonnette
|
0-0: Ball 1-0: Foul Ball, location: 2F 1-1: Foul Ball, location: 2F 1-2: Ground out 2-3 (Groundball, 15S, EV 67.5 MPH)
|
|
Batting: RHB Bill Lindsey
|
0-0: Ball 1-0: Foul Ball, location: 2F 1-1: Swinging Strike 1-2: Strikes out swinging
|
| Bottom of the 8th over - 0 runs, 0 hits, 0 errors, 0 left on base; Evansville 2 - Indianapolis 0 |
| TOP OF THE 9TH |
|
Evansville Triplets batting - Pitching for Indianapolis Indians : RHP Stan Webb
|
|
Batting: RHB Mark M Corey
|
0-0: Called Strike 0-1: Ball 1-1: Ball 2-1: Ground out 5-3 (Groundball, 5L, EV 101.3 MPH)
|
|
Batting: RHB Mike Allen
|
0-0: Ground out 4-3 (Groundball, 4M, EV 100.6 MPH)
|
|
Batting: RHB John Scott
|
0-0: Ground out 4-3 (Groundball, 4, EV 100.6 MPH)
|
| Top of the 9th over - 0 runs, 0 hits, 0 errors, 0 left on base; Evansville 2 - Indianapolis 0 |
| BOTTOM OF THE 9TH |
|
Indianapolis Indians batting - Pitching for Evansville Triplets : RHP Randy Pitts
|
|
Batting: LHB Kevin Schoendienst
|
0-0: Called Strike 0-1: Foul Ball, location: 2F 0-2: Foul Ball, location: 2F 0-2: Ground out 4-3 (Groundball, 4, EV 80.0 MPH)
|
|
Batting: SHB Julio Estrada
|
0-0: Ball 1-0: Fly out, F5 (Line Drive, 5, EV 72.5 MPH)
|
|
Batting: RHB Luis Gonzalez
|
0-0: Called Strike 0-1: Called Strike 0-2: Foul Ball, location: 2F 0-2: Strikes out swinging, 2-3 out at first.
|
| Bottom of the 9th over - 0 runs, 0 hits, 0 errors, 0 left on base; Evansville 2 - Indianapolis 0 |
|